 Dungeon Crawl Stone Soup version 0.27.1-33-g824d729ab1 (webtiles) character file.

Game seed: 13924819147333164884

30 potato4science the Sneak (level 3, -1/21 HPs)
             Began as an Octopode Hedge Wizard on Dec 17, 2021.
             Killed from afar by Natasha (12 damage)
             ... with a puff of flame
             ... on level 2 of the Dungeon.
             The game lasted 00:05:30 (1311 turns).

potato4science the Sneak (Octopode Hedge Wizard)    Turns: 1311, Time: 00:05:31

Health: -1/21      AC:  1    Str:  9    XL:     3   Next: 20%
Magic:  7/7        EV: 13    Int: 17    God:
Gold:   11         SH:  0    Dex: 11    Spells: 5/8 levels left

rFire    . . .     SeeInvis .   a - +0 dagger
rCold    . . .     Faith    .   (no shield)
rNeg     . . .     Spirit   .   b - +0 hat
rPois    .         Reflect  .   (no amulet)
rElec    .         Harm     .   e - +4 ring of slaying
rCorr    +         Rampage  .   g - ring of resist corrosion
Will     .....                  (no ring)
Stlth    ++++......             (no ring)
HPRegen  0.07/turn              (no ring)
MPRegen  0.10/turn              (no ring)
                                (no ring)
                                (no ring)

@: no status effects
A: almost no armour, amphibious, 8 rings, camouflage 1, gelatinous body 1,
(nimble swimmer 1), tentacles
a: no special abilities


You were on level 2 of the Dungeon.
You visited 1 branch of the dungeon, and saw 2 of its levels.

You collected 11 gold pieces.

Inventory:

Hand Weapons
 a - a +0 dagger (weapon)
Missiles
 c - a throwing net
Armour
 b - a +0 hat (worn)
Jewellery
 e - a +4 ring of slaying (left tentacle)
 g - a ring of resist corrosion (right tentacle)
Scrolls
 d - a scroll of identify {unknown}
 f - a scroll of noise {unknown}
Potions
 h - 2 potions of invisibility {unknown}


   Skills:
 - Level 2.0 Dodging
 - Level 5.1 Stealth
 - Level 3.0 Spellcasting
 - Level 1.0 Conjurations
 - Level 1.0 Summonings
 - Level 1.0 Translocations


You had 5 spell levels left.
You knew the following spells:

 Your Spells              Type           Power      Damage    Failure   Level
a - Magic Dart            Conj           20%        1d4       12%         1
b - Blink                 Tloc           N/A        N/A       17%         2

Your spell library contained the following spells:

 Spells                   Type           Power      Damage    Failure   Level
 Call Imp                 Summ           5%         N/A       17%         2
 Slow                     Hex            2%         N/A       26%         2
 Conjure Flame            Conj/Fire      4%         6-21      38%         3
 Mephitic Cloud           Conj/Pois/Air  3%         N/A       41%         3


Dungeon Overview and Level Annotations

Branches:
Dungeon (2/15)

Altars:

Annotations:
D:2 Natasha


Innate Abilities, Weirdness & Mutations

You cannot wear most types of armour.
You are amphibious.
You can wear up to eight rings at the same time.
Your skin changes colour to match your surroundings (Stealth+).
Your rubbery body absorbs attacks. (AC +1, EV +1)
((You are camouflaged near water. (Stealth+)))
You have tentacles for arms and can constrict up to eight enemies at once.


Message History

You hit the quokka. You grab the quokka.
The quokka is almost dead.
You constrict the quokka, but do no damage.
The quokka bites you.
You hit the quokka.
You kill the quokka!
Things that are here:
a +0 dagger; a quokka corpse; a goblin corpse You start resting.
HP restored.
Found 12 stones.
Found a mace.
You see here a +0 mace.
Found 2 bubbling black potions.
h - 2 bubbling black potions A goblin comes into view.
It is wielding a +0 dagger.
The helpless goblin fails to defend itself.
You puncture the goblin!
You kill the goblin!
Things that are here:
a +0 dagger; a goblin corpse
There is a shaft here.
Done exploring.
Search for what [? for help]? .
Memorise Blink, consuming 2 spell levels and leaving 5?
You start memorising the spell.
You continue memorising. x2
You finish memorising.
Spell assigned to 'b'.
There is a stone staircase leading down here.
You climb downwards.
There is a stone staircase leading up here.
You climb upwards.
There is a stone staircase leading down here.
There is a stone staircase leading down here.
You climb downwards.
Found 21 stones, a bubbling silvery potion and a hunting sling.
There is a stone staircase leading up here.
Natasha zaps a wand.
The puff of flame hits you!
Natasha zaps a wand.
The puff of flame hits you!
Ouch! That really hurt!
You die...

.# #.#####
......
###..#.#
##......#
#####..<..#.##
.............#
#####.....#(.#
#.!@..# .#
#....)#
#..h.##
.......
.........
####.#.....
#.#...##.
#.#.... ..


You could see Natasha.

Vanquished Creatures
  An endoplasm (D:1)
  2 giant cockroaches (D:1)
  4 goblins (D:1)
  4 hobgoblins (D:1)
  5 jackals (D:1)
  2 kobolds (D:1)
  2 quokkas (D:1)
  A ball python (D:1)
  2 bats (D:1)
  A rat (D:1)
24 creatures vanquished.

Notes
Turn   | Place    | Note
-------+----------+-------------------------------------------
     0 | D:1      | potato4science the Octopode Hedge Wizard began the quest
                  | for the Orb.
     0 | D:1      | Reached XP level 1. HP: 11/11 MP: 4/4
    59 | D:1      | Reached skill level 3 in Stealth
   414 | D:1      | Reached XP level 2. HP: 17/17 MP: 1/6
   417 | D:1      | Reached skill level 4 in Stealth
   730 | D:1      | Found a faded altar of an unknown god.
   764 | D:1      | Reached XP level 3. HP: 21/21 MP: 7/7
   976 | D:1      | Reached skill level 5 in Stealth
  1263 | D:1      | Learned a level 2 spell: Blink
  1308 | D:2      | Noticed Natasha
  1311 | D:2      | Killed from afar by Natasha

Illustrated notes

Levels and vault maps discovered:
D:1:      amcnicky_arrival_underground_garden, layout_loops_ring,
          hellmonk_ecumenical_altar_inner_sanctum, minivault_19, minmay_ruptured
D:2:      layout_loops_ring, chequers_serial_rivers_large_b, minivault_11,
          uniq_natasha, uniq_robin

Skill      XL: |  1  2  3 |
---------------+----------+-----
Stealth        | 3 4 5 |  5.1
Dodging        | |  2.0
Spellcasting   | |  3.0
Conjurations   | |  1.0
Summonings     | |  1.0
Translocations | |  1.0

Action                   || total
-------------------------++-------
Melee: Dagger            ||    34
       Constrict         ||     7
       Tentacles         ||     3
 Cast: Magic Dart        ||    14
 Stab: Sleeping          ||    11
Armor: Skin              ||     1
Dodge: Dodged            ||    15
